TOP OF THE 1ST |
Utica Unicorns batting - Pitching for Birmingham Barons : LHP Richard Simpson
|
Pitching: LHP Richard Simpson
|
|
Batting: RHB Mitsuoki Taguchi
|
0-0: Called Strike 0-1: Ball 1-1: Ground out 1-3 (Groundball, 15S)
|
Batting: RHB Jack Bailey
|
0-0: Called Strike 0-1: Ball 1-1: Foul Ball, location: 2F 1-2: Foul Ball, location: 2F 1-2: Ball 2-2: Ground out 1-3 (Groundball, 15)
|
Batting: RHB Fernando Gálvez
|
0-0: Fly out, F9 (Flyball, 9S)
|
Top of the 1st over - 0 run(s), 0 hit(s), 0 error(s), 0 left on base; Utica 0 - Birmingham 0 |
BOTTOM OF THE 1ST |
Birmingham Barons batting - Pitching for Utica Unicorns : LHP Miguel Galván
|
Pitching: LHP Miguel Galván
|
|
Batting: SHB Tony Echevarría
|
0-0: Called Strike 0-1: Ball 1-1: Fly out, F4 (Popup, 34D)
|
Batting: RHB Juan Jiménez
|
0-0: Ball 1-0: Called Strike 1-1: SINGLE (Groundball, 6MD)
|
Batting: RHB Todd Rogers
|
0-0: Ball 1-0: Called Strike 1-1: Called Strike 1-2: Ball 2-2: Strikes out swinging
|
Batting: LHB Curt Walker
|
0-0: Fly out, F9 (Flyball, 89D)
|
Bottom of the 1st over - 0 run(s), 1 hit(s), 0 error(s), 1 left on base; Utica 0 - Birmingham 0 |
TOP OF THE 2ND |
Utica Unicorns batting - Pitching for Birmingham Barons : LHP Richard Simpson
|
Batting: LHB Sixto Cantú
|
0-0: Ground out 4-3 (Groundball, 4S)
|
Batting: LHB Bill Hall
|
0-0: Called Strike 0-1: Swinging Strike 0-2: Ball 1-2: Ball 2-2: Ball 3-2: DOUBLE (Line Drive, 9LD)
|
Batting: LHB Mitchell Oglethorpe
|
0-0: Called Strike 0-1: Foul Ball, location: 2F 0-2: Foul Ball, location: 2F 0-2: Ball Passed Ball! Bill Hall to third 1-2: Foul Ball, location: 2F 1-2: Fly out, F8 (Flyball, 8RM) Runner from 3rd tags up, SCORES, throw made
|
Batting: RHB Andrew Good
|
0-0: Called Strike 0-1: Ball 1-1: Ball 2-1: Ball 3-1: Foul Ball, location: 2F 3-2: Strikes out looking
|
Top of the 2nd over - 1 run(s), 1 hit(s), 0 error(s), 0 left on base; Utica 1 - Birmingham 0 |
BOTTOM OF THE 2ND |
Birmingham Barons batting - Pitching for Utica Unicorns : LHP Miguel Galván
|
Batting: RHB Warren Martin
|
0-0: Ball 1-0: Fly out, F9 (Flyball, 9)
|
Batting: RHB Peyton Yardley
|
0-0: Called Strike 0-1: Ball 1-1: Ball 2-1: Foul Ball, location: 2F 2-2: Foul Ball, location: 2F 2-2: Strikes out looking
|
Batting: LHB José Rivera
|
0-0: Ball 1-0: Ball 2-0: Ball 3-0: Base on Balls
|
Batting: LHB John Haney
|
0-0: Ball 1-0: Ball 2-0: Foul Ball, location: 2F 2-1: Swinging Strike 2-2: Strikes out swinging
|
Bottom of the 2nd over - 0 run(s), 0 hit(s), 0 error(s), 1 left on base; Utica 1 - Birmingham 0 |
TOP OF THE 3RD |
Utica Unicorns batting - Pitching for Birmingham Barons : LHP Richard Simpson
|
Batting: LHB Tony O'Bryan
|
0-0: SINGLE (Flyball, 8RS)
|
Batting: RHB Gustavo Rodríguez
|
0-0: Ball 1-0: Fly out, F8 (Flyball, 8RM)
|
Batting: RHB Mitsuoki Taguchi
|
0-0: Fielders Choice at 2nd, 1-4 (Groundball, 15)
|
Batting: RHB Jack Bailey
|
0-0: Ball Pickoff Throw to First - Error! E1 Mitsuoki Taguchi to second 1-0: Foul Ball, location: 2F 1-1: Ground out 6-3 (Groundball, 6)
|
Top of the 3rd over - 0 run(s), 1 hit(s), 1 error(s), 1 left on base; Utica 1 - Birmingham 0 |
BOTTOM OF THE 3RD |
Birmingham Barons batting - Pitching for Utica Unicorns : LHP Miguel Galván
|
Batting: RHB Vicente Elías
|
0-0: Called Strike 0-1: Ball 1-1: Ball 2-1: Called Strike 2-2: Ball 3-2: Foul Ball, location: 2F 3-2: Foul Ball, location: 2F 3-2: Ground out 1-3 (Groundball, 13)
|
Batting: SHB Tony Echevarría
|
0-0: Foul Ball, location: 2F 0-1: Ground out 6-3 (Groundball, 6)
|
Batting: RHB Juan Jiménez
|
0-0: Foul Ball, location: 2F 0-1: Ball 1-1: SINGLE (Line Drive, 8RS)
|
Batting: RHB Todd Rogers
|
0-0: Ball 1-0: SINGLE (Groundball, 56S) (infield hit) Juan Jiménez to second
|
Batting: LHB Curt Walker
|
0-0: Foul Ball, location: 2F 0-1: Ball 1-1: Ball 2-1: Ball 3-1: Called Strike 3-2: Foul Ball, location: 2F 3-2: Ground out U3 (Groundball, 34)
|
Bottom of the 3rd over - 0 run(s), 2 hit(s), 0 error(s), 2 left on base; Utica 1 - Birmingham 0 |
TOP OF THE 4TH |
Utica Unicorns batting - Pitching for Birmingham Barons : LHP Richard Simpson
|
Batting: RHB Fernando Gálvez
|
0-0: Foul Ball, location: 2F 0-1: Ground out 5-3 (Groundball, 5L)
|
Batting: LHB Sixto Cantú
|
0-0: Ball 1-0: Ball 2-0: Ground out 6-3 (Groundball, 56)
|
Batting: LHB Bill Hall
|
0-0: Called Strike 0-1: Ball 1-1: Ball 2-1: Ball 3-1: Fly out, F6 (Flyball, 6MD)
|
Top of the 4th over - 0 run(s), 0 hit(s), 0 error(s), 0 left on base; Utica 1 - Birmingham 0 |
BOTTOM OF THE 4TH |
Birmingham Barons batting - Pitching for Utica Unicorns : LHP Miguel Galván
|
Batting: RHB Warren Martin
|
0-0: Ball 1-0: Ball 2-0: Ball 3-0: Called Strike 3-1: Base on Balls
|
Batting: RHB Peyton Yardley
|
0-0: Called Strike 0-1: Fly out, F8 (Flyball, 8LD)
|
Batting: LHB José Rivera
|
0-0: Called Strike 0-1: SINGLE (Line Drive, 9S) Warren Martin to second Runner from 2nd tries for 3rd, SAFE, throw made to third
|
Batting: LHB John Haney
|
0-0: Called Strike 0-1: Ball 1-1: Ball 2-1: Fly out, F8 (Flyball, 8LM) Runner from 3rd tags up, SCORES, throw made
|
Batting: RHB Vicente Elías
|
0-0: Called Strike 0-1: Ball 1-1: Foul Ball, location: 2F 1-2: SINGLE (Line Drive, 34) José Rivera to second
|
Batting: SHB Tony Echevarría
|
0-0: Ball 1-0: Ball 2-0: Ball 3-0: Called Strike 3-1: SINGLE (Groundball, 56D) José Rivera to third Vicente Elías to second Runner from 3rd tries for Home, SAFE, no throw
|
Batting: RHB Juan Jiménez
|
0-0: Ball 1-0: SINGLE (Groundball, 6MD) Vicente Elías to third Tony Echevarría to second Runner from 3rd tries for Home, SAFE, no throw
|
Batting: RHB Todd Rogers
|
0-0: Ball Wild Pitch! Tony Echevarría to third Juan Jiménez to second 1-0: Ball 2-0: Called Strike 2-1: Swinging Strike 2-2: Ground out 5-3 (Groundball, 56)
|
Bottom of the 4th over - 3 run(s), 4 hit(s), 0 error(s), 2 left on base; Utica 1 - Birmingham 3 |
TOP OF THE 5TH |
Utica Unicorns batting - Pitching for Birmingham Barons : LHP Richard Simpson
|
Batting: LHB Mitchell Oglethorpe
|
0-0: Ground out U3 (Groundball, 34)
|
Batting: RHB Andrew Good
|
0-0: SINGLE (Groundball, 6D)
|
Batting: LHB Tony O'Bryan
|
0-0: Ball 1-0: Ball 2-0: Foul Ball, location: 2F 2-1: SINGLE (Line Drive, 34) Andrew Good to second
|
Batting: RHB Gustavo Rodríguez
|
0-0: Foul Ball, location: 2F 0-1: Foul Ball, location: 2F 0-2: Strikes out swinging
|
Batting: RHB Mitsuoki Taguchi
|
0-0: Called Strike 0-1: Ball 1-1: Ball 2-1: SINGLE (Groundball, 3S) (infield hit) Andrew Good to third Tony O'Bryan to second
|
Pitching: RHP Ken Lyons
|
|
Batting: RHB Jack Bailey
|
0-0: Ball 1-0: Foul Ball, location: 2F 1-1: Called Strike 1-2: Foul Ball, location: 2F 1-2: Ball 2-2: Ball 3-2: Fly out, F9 (Flyball, 9LS)
|
Top of the 5th over - 0 run(s), 3 hit(s), 0 error(s), 3 left on base; Utica 1 - Birmingham 3 |
BOTTOM OF THE 5TH |
Birmingham Barons batting - Pitching for Utica Unicorns : LHP Miguel Galván
|
Batting: LHB Curt Walker
|
0-0: Called Strike 0-1: Foul Ball, location: 2F 0-2: Strikes out swinging
|
Batting: RHB Warren Martin
|
0-0: Ball 1-0: Reached on error, E7 (Flyball, 7S)
|
Batting: RHB Peyton Yardley
|
0-0: Called Strike 0-1: Ball 1-1: Ball 2-1: Called Strike 2-2: Foul Ball, location: 2F 2-2: Strikes out looking
|
Batting: LHB José Rivera
|
0-0: Called Strike 0-1: Swinging Strike 0-2: Ball 1-2: Foul Ball, location: 2F 1-2: Ball 2-2: Foul Ball, location: 2F 2-2: Ground out U3 (Groundball, 3)
|
Bottom of the 5th over - 0 run(s), 0 hit(s), 1 error(s), 1 left on base; Utica 1 - Birmingham 3 |
TOP OF THE 6TH |
Utica Unicorns batting - Pitching for Birmingham Barons : RHP Ken Lyons
|
Batting: RHB Fernando Gálvez
|
0-0: Ball 1-0: Called Strike 1-1: Foul Ball, location: 2F 1-2: Strikes out looking
|
Batting: LHB Sixto Cantú
|
0-0: Foul Ball, location: 2F 0-1: Ball 1-1: Ball 2-1: Foul Ball, location: 2F 2-2: Foul Ball, location: 2F 2-2: Strikes out swinging
|
Batting: LHB Bill Hall
|
0-0: Foul Ball, location: 2F 0-1: Ball 1-1: Ball 2-1: Called Strike 2-2: Ball 3-2: Foul Ball, location: 2F 3-2: Base on Balls
|
Batting: LHB Mitchell Oglethorpe
|
0-0: Called Strike 0-1: Ball 1-1: Ball 2-1: Called Strike 2-2: Strikes out looking
|
Top of the 6th over - 0 run(s), 0 hit(s), 0 error(s), 1 left on base; Utica 1 - Birmingham 3 |
BOTTOM OF THE 6TH |
Birmingham Barons batting - Pitching for Utica Unicorns : LHP Miguel Galván
|
Pitching: RHP Juan Reyes
|
|
Batting: LHB John Haney
|
0-0: Ball 1-0: Called Strike 1-1: Foul Ball, location: 2F 1-2: Ball 2-2: Ball 3-2: Strikes out looking
|
Batting: RHB Vicente Elías
|
0-0: Bunted foul 0-1: Fly out, F8 (Flyball, 8LM)
|
Batting: SHB Tony Echevarría
|
0-0: Swinging Strike 0-1: Ball 1-1: Ball 2-1: Swinging Strike 2-2: Foul Ball, location: 2F 2-2: Strikes out swinging
|
Bottom of the 6th over - 0 run(s), 0 hit(s), 0 error(s), 0 left on base; Utica 1 - Birmingham 3 |
TOP OF THE 7TH |
Utica Unicorns batting - Pitching for Birmingham Barons : RHP Ken Lyons
|
Batting: RHB Andrew Good
|
0-0: Ground out 1-3 (Groundball, P)
|
Batting: LHB Tony O'Bryan
|
0-0: Swinging Strike 0-1: Foul Ball, location: 2F 0-2: Strikes out swinging
|
Batting: RHB Gustavo Rodríguez
|
0-0: Ball 1-0: Called Strike 1-1: Ground out 6-3 (Groundball, 6)
|
Top of the 7th over - 0 run(s), 0 hit(s), 0 error(s), 0 left on base; Utica 1 - Birmingham 3 |
BOTTOM OF THE 7TH |
Birmingham Barons batting - Pitching for Utica Unicorns : RHP Juan Reyes
|
Batting: RHB Juan Jiménez
|
0-0: Foul Ball, location: 2F 0-1: Ball 1-1: Ground out 5-3 (Groundball, 56)
|
Batting: RHB Todd Rogers
|
0-0: Foul Ball, location: 2F 0-1: Foul Ball, location: 2F 0-2: Strikes out looking
|
Batting: LHB Curt Walker
|
0-0: Ball 1-0: Swinging Strike 1-1: Ball 2-1: Foul Ball, location: 2F 2-2: Ball 3-2: Foul Ball, location: 2F 3-2: SINGLE (Groundball, 34D)
|
Batting: RHB Warren Martin
|
0-0: Swinging Strike 0-1: Foul Ball, location: 2F 0-2: Foul Ball, location: 2F 0-2: Strikes out looking
|
Bottom of the 7th over - 0 run(s), 1 hit(s), 0 error(s), 1 left on base; Utica 1 - Birmingham 3 |
TOP OF THE 8TH |
Utica Unicorns batting - Pitching for Birmingham Barons : RHP Ken Lyons
|
Batting: RHB Mitsuoki Taguchi
|
0-0: Called Strike 0-1: Ball 1-1: Ball 2-1: Ball 3-1: Base on Balls
|
Batting: RHB Jack Bailey
|
0-0: Ball 1-0: Called Strike 1-1: Foul Ball, location: 2F 1-2: Grounds into double play, 5-4-3 (Groundball, 5)
|
Batting: RHB Fernando Gálvez
|
0-0: Ball 1-0: Swinging Strike 1-1: Ball 2-1: Fly out, F7 (Flyball, 7S)
|
Top of the 8th over - 0 run(s), 0 hit(s), 0 error(s), 0 left on base; Utica 1 - Birmingham 3 |
BOTTOM OF THE 8TH |
Birmingham Barons batting - Pitching for Utica Unicorns : RHP Juan Reyes
|
Batting: RHB Peyton Yardley
|
0-0: Reached via error on a dropped throw, E3
|
Pitching: LHP Javier Luna
|
|
Batting: LHB José Rivera
|
0-0: Bunted foul 0-1: Sac Bunt - play at first, batter safe! Peyton Yardley to second
|
Pitching: RHP Patrick Doyle
|
|
Pinch Hitting: LHB Marc May
|
0-0: Ball 1-0: Sac Bunt - play at first, batter OUT! 1-3 Peyton Yardley to third José Rivera to second
|
Pinch Hitting: RHB Carlos García
|
0-0: Intentional Walk
|
Batting: SHB Tony Echevarría
|
0-0: Ball 1-0: Called Strike 1-1: Grounds into fielders choice 4-2 (Groundball, 4) José Rivera to third Carlos García to second
|
Pinch Hitting: RHB Eric Johnson
|
0-0: Called Strike 0-1: Called Strike 0-2: Strikes out swinging
|
Bottom of the 8th over - 0 run(s), 1 hit(s), 1 error(s), 3 left on base; Utica 1 - Birmingham 3 |
TOP OF THE 9TH |
Utica Unicorns batting - Pitching for Birmingham Barons : RHP Ken Lyons
|
Pitching: RHP Stanley Briggs
|
|
Now at 1B: Marc May
|
|
Now at SS: Carlos Vásquez
|
|
Now in CF: Eric Johnson
|
|
Batting: LHB Sixto Cantú
|
0-0: Called Strike 0-1: Swinging Strike 0-2: Strikes out looking
|
Batting: LHB Bill Hall
|
0-0: Swinging Strike 0-1: Fly out, F9 (Flyball, 9LM)
|
Batting: LHB Mitchell Oglethorpe
|
0-0: SINGLE (Groundball, 56D)
|
Batting: RHB Andrew Good
|
0-0: Called Strike 0-1: Called Strike 0-2: Ball 1-2: Strikes out swinging
|
Top of the 9th over - 0 run(s), 1 hit(s), 0 error(s), 1 left on base; Utica 1 - Birmingham 3 |
|